 Dungeon Crawl Stone Soup version 0.29.1-13-g9f3cf754e1 (webtiles) character file.

Game seed: 2061268194160679167

34 hawla the Chiller (level 3, 0/26 HPs)
             Began as a Meteoran Ice Elementalist on Jan 22, 2023.
             Slain by an ogre
             ... wielding a +0 giant club
              (26 damage)
             ... on level 4 of the Dungeon.
             The game lasted 00:02:24 (542 turns).

hawla the Chiller (Meteoran Ice Elementalist)        Turns: 542, Time: 00:02:25

Health: 0/26       AC:  2    Str:  9    XL:     3   Next: 73%
Magic:  4/8        EV: 12    Int: 18    God:
Gold:   50         SH:  0    Dex: 15    Spells: 4/8 levels left

rFire   . . .      SeeInvis .   (no weapon)
rCold   . . .      Faith    .   (no shield)
rNeg    . . .      Spirit   .   a - +0 robe
rPois   .          Reflect  .   (no helmet)
rElec   .          Harm     .   (no cloak)
rCorr   .          Rampage  .   (no gloves)
Will    .....                   (no boots)
Stlth   +.........              (no amulet)
HPRegen 0.08/turn               (no ring)
MPRegen 0.11/turn               (no ring)

@: freezing walls, glowing
A: sense surroundings 1, otherworldly, glowing, explore regen
a: no special abilities


You were on level 4 of the Dungeon.
You visited 1 branch of the dungeon, and saw 4 of its levels.

You collected 50 gold pieces.

Inventory:

Armour
 a - a +0 robe (worn)
Wands
 c - a wand of paralysis (6) (quivered)
 i - a wand of roots (5)
Potions
 b - a potion of magic
 d - a potion of ambrosia {unknown}
 e - a potion of heal wounds
 f - a potion of cancellation {unknown}


   Skills:
 - Level 2.4 Dodging
 - Level 1.4 Stealth
 - Level 3.2 Spellcasting
 - Level 5.2 Ice Magic
 + Level 0.8 Evocations


You had 4 spell levels left.
You knew the following spells:

 Your Spells              Type           Power      Damage    Failure   Level
a - Freeze                Ice            84%        1d10      1%          1
b - Frozen Ramparts       Ice            42%        1d7       5%          3

Your spell library contained the following spells:

 Spells                   Type           Power      Damage    Failure   Level
 Ozocubu's Armour         Ice            21%        N/A       5%          3
 Stone Arrow              Conj/Erth      4%         3d7       43%         3
 Hailstorm                Conj/Ice       12%        3d5       50%         4
 Animate Armour           Summ/Erth      4%         N/A       85%         4
 Lehudib's Crystal Spear  Conj/Erth      1%         10d2      100%        8


Dungeon Overview and Level Annotations

Branches:
Dungeon (4/15) Zot: 1851
 Temple: D:4-7

Altars:


Innate Abilities, Weirdness & Mutations

You passively map a small area around you.
You are easily found by Zot.
You glow in the dark.
You regain HP and MP as you explore.


Message History

The ufetubus completely resists.
The wall freezes the ufetubus but does no damage.
The ufetubus hits you. x2; The ufetubus resists.
The wall freezes the ufetubus.
You kill the ufetubus!
The frozen ramparts melt away as you move.
c - a wand of paralysis (6) Magic restored.
HP restored.
A kobold comes into view. It is wielding a +0 dagger.
The kobold shouts!
A quokka comes into view.
There are monsters nearby!
Found a scroll labelled DOQ VEIS JING.
The kobold hits you but does no damage.
You see here an inky potion.
Casting: Freeze (safe; 1% risk of failure)
Confirm with . or Enter, or press ? or * to list all spells.
Aiming: Freeze (safe; 1% risk of failure)
Press: ? - help, Shift-Dir - straight line, f - kobold
Aim: a kobold, wielding a +0 dagger You freeze the kobold!
You kill the kobold!
Unknown command.
No target in view!
d - an inky potion No target in view!
No target in view!
You see here a +0 dagger.
An ogre comes into view. It is wielding a +0 giant club.
The ogre shouts!
Casting: Freeze (safe; 1% risk of failure)
Confirm with . or Enter, or press ? or * to list all spells.
The spell is quite dangerous to miscast (5% risk of failure)!
Continue anyway?
Casting: Frozen Ramparts (quite dangerous; 5% risk of failure)
Press: ? - help, Dir - look around, f - activate The walls around you are covered in ice.
The wall freezes the ogre.
The ogre hits you with a +0 giant club!!
Ouch! That really hurt!
You die...

***## , , .#
* #.######?#
...r...O.# *
*, * #@.# *
#..# ~ * ,*
#).# #..# *
#..# #..# *
* #..# *
#..#######
**#........#


You could see an ogre and a quokka.

Vanquished Creatures
  An adder (D:2)
  An ufetubus (D:4)
  A worm (D:3)
  An orc (D:3)
  2 endoplasms (D:1)
  2 giant cockroaches
  A hobgoblin (D:2)
  A ball python (D:2)
  A bat (D:3)
  2 frilled lizards (D:3)
  4 kobolds
  A rat (D:3)
18 creatures vanquished.

Notes
Turn   | Place    | Note
-------+----------+-------------------------------------------
     0 | D:1      | hawla the Meteoran Ice Elementalist began the quest for the
                  | Orb.
     0 | D:1      | Reached XP level 1. HP: 14/14 MP: 5/5
    97 | D:1      | Reached XP level 2. HP: 17/20 MP: 4/6
   172 | D:2      | Reached skill level 5 in Ice Magic
   239 | D:2      | Reached XP level 3. HP: 26/26 MP: 5/8
   247 | D:2      | Learned a level 3 spell: Frozen Ramparts
   540 | D:4      | Noticed an ogre
   542 | D:4      | Slain by an ogre

Illustrated notes

Levels and vault maps discovered:
D:1:      minmay_arrival_diagonal_passages, layout_basic, kennysheep_boxes
D:2:      layout_loops_ring, basic_altar,
          hellmonk_ecumenical_altar_slurped_away, minmay_tromino_v4_b
D:3:      layout_basic
D:4:      minmay_polygon_palace, layout_loops_ring, gammafunk_temple_of_torment,
          mainiacjoe_overflow_catwalk, minmay_manual_mullet

Skill      XL: |  1  2  3 |
---------------+----------+-----
Ice Magic      | 5 |  5.2
Spellcasting   | 3 |  3.2
Dodging        | |  2.4
Stealth        | |  1.4
Evocations     | |  0.8

Action                   || total
-------------------------++-------
Melee: Unarmed           ||     1
 Cast: Freeze            ||    26
       Frozen Ramparts   ||     4
  Use: Scroll            ||     4
Armor: Robe              ||     5
Dodge: Dodged            ||     7
